AoeStats
← BirdmanTim

Arabia

504124438Analyzed
1v1 RM · 29d ago on Sep 4, 2026· 29m 16s· 2 players
Game mode
Random Map
Map size
Tiny (2 player)
Population
200
Speed
Normal
Resources
Standard
Victory
Conquest
Starting age
Dark Age
Ending age
Imperial Age
RankedLock teamsTeams togetherTeam positionsShared explorationLock speedFull tech treeHidden civsTurbo modeCheats
Victory
Defeat
🇺🇸 Romans · United States
691
+16
🇪🇸 Magyars · Spain
689
-16
LucaNotDead
9:08 Loom
10:54 Feudal Age
11:58 Double-Bit Axe
12:44 Horse Collar
BirdmanTim
8:24 Loom
10:45 Feudal Age
11:00 Man-at-Arms
12:56 Scale Mail Armor
18:13 Horse Collar
18:21 Double-Bit Axe
20:33 Gold Mining
21:24 Forging
Connection lost

Rejoining the realm…

Still unreachable

The connection could not be restored.

Session expired

The server has moved on; the page needs a fresh start.